 Dungeon Crawl Stone Soup version 0.23.2-1-ga50397a (webtiles) character file.

Game seed: 3562177303610978259

15 myga the Magician (level 2, -1/22 HPs)
             Began as a Naga Wizard on Apr 19, 2019.
             Slain by a gnoll
             ... wielding a +3 spear
              (7 damage)
             ... on level 1 of the Dungeon.
             The game lasted 00:02:23 (698 turns).

myga the Magician (Naga Wizard)                      Turns: 698, Time: 00:02:24

Health: -1/22      AC:  1    Str:  9    XL:     2   Next: 50%
Magic:  4/6        EV: 10    Int: 18    God:
Gold:   23         SH:  0    Dex:  9    Spells: 7/8 levels left

rFire    . . .     SeeInvis +   e - +2 dagger (elec)
rCold    . . .     Gourm    .   (no shield)
rNeg     . . .     Faith    .   a - +0 robe
rPois    +         Spirit   .   b - +0 hat
rElec    .         Reflect  .   (no cloak)
rCorr    .         Harm     .   (no gloves)
MR       .....                  (no barding)
Stlth    ++........             (no amulet)
HPRegen  0.07/turn              (no ring)
MPRegen  0.10/turn              (no ring)

@: very slow
A: large, see invisible, deformed body, poison resistance, slowness 2, slow
metabolism 1, spit poison 1, AC +0
a: Spit Poison


You were on level 1 of the Dungeon.
You were not hungry.

You visited 1 branch of the dungeon, and saw 1 of its levels.

You collected 23 gold pieces.

Inventory:

Hand Weapons
 e - a +2 dagger of electrocution (weapon)
Armour
 a - a +0 robe (worn)
 b - a +0 hat (worn)
Jewellery
 g - a +5 ring of evasion {unknown}
Scrolls
 f - a scroll of fog {unknown}
Potions
 c - a potion of curing {unknown}
 i - a potion of cancellation {unknown}
 j - 2 potions of invisibility {unknown}
Comestibles
 d - 3 rations
 h - 2 chunks of flesh


   Skills:
 + Level 1.6 Dodging
 + Level 3.0 Stealth
 + Level 3.6 Spellcasting
 + Level 1.0 Conjurations
   Level 1.0 Summonings
   Level 1.0 Translocations


You had 7 spell levels left.
You knew the following spells:

 Your Spells              Type           Power        Failure   Level  Hunger
a - Magic Dart            Conj           #...         10%         1    None

Your spell library contained the following spells:

 Spells                   Type           Power        Failure   Level  Hunger
 Blink                    Tloc           N/A          16%         2    ##.....
 Call Imp                 Summ           #.......     16%         2    ##.....
 Slow                     Hex            #.......     24%         2    ##.....
 Conjure Flame            Conj/Fire      #.......     36%         3    ###....
 Mephitic Cloud           Conj/Pois/Air  #.......     38%         3    ###....


Dungeon Overview and Level Annotations

Branches:
Dungeon (1/15)

Altars:


Innate Abilities, Weirdness & Mutations

You cannot wear boots.
Your serpentine skin is tough. (AC +0)
You have supernaturally acute eyesight. (SInv)
Armour fits poorly on your strangely shaped body.
Your system is resistant to poisons. (rPois)
You cover ground very slowly.
You have a slow metabolism.
You can spit poison.


Message History

Casting: Magic Dart (safe; 10% risk of failure)
Confirm with . or Enter, or press ? or * to list all spells.
Okay, then.
The gnoll shouts!
You hit the frilled lizard.
Lightning courses through the frilled lizard!
You kill the frilled lizard!
Casting: Magic Dart (safe; 10% risk of failure)
Confirm with . or Enter, or press ? or * to list all spells.
Aiming: Magic Dart (safe; 10% risk of failure)
Press: ? - help, Shift-Dir - straight line, f - gnoll
Aim: a gnoll, wielding a +3 spear The magic dart hits the gnoll but does no damage.
Things that are here:
a +0 short sword; a kobold corpse The gnoll hits you from afar with a +3 spear!
* * * LOW HITPOINT WARNING * * *
There is an open door here.
The gnoll hits you from afar with a +3 spear!
You die...

##+# #.####..# ##...##
#.# #..# ##.....##
#.####..#
##.......###.......#
#.........##.###..####
+.........'..# #......
#.........##.###.#####
#.......###..)..#
##..@..## ##.####
##...## #.# ##g## #.#
#)# #.# #.# #.# #.#
#.# ... #.# ..... #.#
#....##


You could see a gnoll.

Vanquished Creatures
  A leopard gecko (D:1)
  2 ball pythons (D:1)
  A bat (D:1)
  2 giant cockroaches (D:1)
  2 hobgoblins (D:1)
  2 frilled lizards (D:1)
  2 kobolds (D:1)
  A rat (D:1)
13 creatures vanquished.

Notes
Turn   | Place    | Note
-------+----------+-------------------------------------------
     0 | D:1      | myga the Naga Wizard began the quest for the Orb.
     0 | D:1      | Reached XP level 1. HP: 15/15 MP: 4/4
   373 | D:1      | Reached XP level 2. HP: 22/22 MP: 6/6
   698 | D:1      | Slain by a gnoll

Action                   || total
-------------------------++-------
Melee: Dagger            ||    21
       Unarmed           ||     5
 Cast: Magic Dart        ||    10
 Stab: Sleeping          ||     3
Armor: Robe              ||    15
Dodge: Dodged            ||    20
